 Dungeon Crawl Stone Soup version 0.14-a0-2737-gb10a4c8 (webtiles) character file.

2596 primenumbers the Covered (level 9, -2/68 HPs)
             Began as a Demonspawn Abyssal Knight on Feb 21, 2014.
             Was an Elder of Lugonu.
             Killed by divine providence
             ... invoked by an orc priest
              (9 damage)
             ... on Level 7 of the Dungeon on Feb 22, 2014.
             The game lasted 01:29:55 (7210 turns).

primenumbers the Covered (DsAK)                     Turns: 7210, Time: 01:29:55

HP  -2/68        AC  9     Str 17      XL: 9   Next: 18%
MP   0/16        EV 13     Int 13      God: Lugonu [****..]
Gold 276         SH  8     Dex 12      Spells:  0 memorised,  8 levels left

rFire  . . .     SeeInvis .     (no weapon)
rCold  . . .     Clarity  .     a - +2 orc ring mail {rPois}
rNeg   + + .     Conserve .     c - +0 buckler
rPois  +         rCorr    .     (helmet restricted)
rElec  .         rRot     .     m - +0 cloak {rPois}
SustAb . .       Spirit   +     (no gloves)
rMut   .         Warding  +     (no boots)
Saprov . . .     Stasis   .     o - amulet of warding
MR     .....                    z - ring of flight
                                b - ring of positive energy

@: not resistant to hostile enchantments, very unstealthy
A: antennae 2, repulsion field 2, spiny 2, magic shield, magic regeneration
a: Depart the Abyss, Bend Space, Banish, Corrupt, Renounce Religion, Evoke
Flight


You were on level 7 of the Dungeon.
You worshipped Lugonu.
Lugonu was greatly pleased with you.
You were hungry.

You visited 1 branch of the dungeon, and saw 7 of its levels.
You visited the Abyss 1 time.
You also visited: Ossuary.

You collected 276 gold pieces.

Inventory:

Hand weapons
 j - a +0,+0 orcish dire flail
Armour
 a - a +2 orcish ring mail of poison resistance (worn)
 c - a +0 buckler (worn)
 m - a +0 cloak of poison resistance (worn)
Magical devices
 g - a wand of fire (0)
 x - a wand of lightning (0)
Comestibles
 k - a beef jerky
 l - 2 pears
Scrolls
 d - a scroll of magic mapping
 f - 4 scrolls of remove curse
 h - 2 scrolls of amnesia
 p - a scroll of enchant weapon I
Jewellery
 b - a ring of positive energy (left hand)
 o - an amulet of warding (around neck)
 y - an uncursed ring of poison resistance
 z - a ring of flight (right hand)
Potions
 t - a potion of flight
Books
 n - a book of Burglary

   Spells                             Type                      Level
   Apportation                        Translocation                1
   Swiftness                          Charms/Air                   2
   Passwall                           Transmutation/Earth          3
   Passage of Golubria                Translocation                4
   Lee's Rapid Deconstruction         Earth                        5
   Darkness                           Hexes                        7


   Skills:
 + Level 5.4 Fighting
 + Level 5.7 Maces & Flails
 + Level 5.9 Armour
 + Level 5.4 Dodging
 + Level 1.4 Stealth
 + Level 1.3 Shields
 + Level 0.3 Unarmed Combat
 + Level 4.6 Invocations
 + Level 1.0 Evocations


You had 8 spell levels left.
You didn't know any spells.

Dungeon Overview and Level Annotations

Branches:
Dungeon (7/16)             Temple (0/1) D:6

Altars:
Ashenzari
Elyvilon
Fedhas
Makhleb
Sif Muna
Zin
Lugonu

Shops:
D:4 ?

Annotations:
D:4 Grinder


Innate Abilities, Weirdness & Mutations

You have a pair of antennae on your head.
You are surrounded by a moderate repulsion field (EV +3).
You are mostly covered in sharp spines.
When hurt, damage is shared between your health and your magic reserves.
You regenerate magic rapidly.


Message History

The bat misses you.
The orc priest utters an invocation to Beogh.
You feel a wave of unholy energy pass over you.
The goblin completely misses you.
Press: ? - help, v - describe, . - travel The floor.
The bat hits you but does no damage.
The killer bee buzzes angrily.
The bat hits you but does no damage. The bat completely misses you.
The bat barely misses you. The bat hits you but does no damage.
Found a bread ration.
A giant newt comes into view.
The bat hits you but does no damage. The killer bee barely misses you.
You closely miss the killer bee.
The killer bee stings you but does no damage.
The bat hits you. The killer bee barely misses you.
The orc priest invokes the aid of Beogh against you.
Something smites you!
You die...

#...........!.... ...
#.........(...............
#..............%...........
#...........................
#............................
#..................$.........
#............................
#.......(...........l.........
#..........c.bg@k....<..g.....
#..........o...(..............
#............................
#############################


You could see a faun shaped shifter, a killer bee, an orc priest, a goblin, a
bat and a giant newt.

Vanquished Creatures
  A small abomination (D:6)
  A necrophage (D:6)
  An ice beast (D:6)
  A black bear (D:6)
  5 ogres
  An orc warrior (D:6)
  2 phantoms (D:5)
  A centaur (D:6)
  2 killer bees (D:6)
  2 crimson imps
  A water moccasin zombie (D:6)
  An orc wizard (D:5)
  Crazy Yiuf (D:3)
  3 iguanas
  A giant frog skeleton (D:6)
  A hound (D:3)
  An orc priest (D:6)
  5 scorpions
  7 worker ants
  Jessica (D:3)
  5 big kobold zombies (Ossuary)
  A mummy (Ossuary)
  12 adders
  A giant mite (D:3)
  A shadow imp (D:6)
  3 worms
  A giant eyeball (D:6)
  17 orcs
  A spectral bat (Ossuary)
  4 giant cockroaches
  9 goblins
  14 hobgoblins
  9 jackals
  6 kobolds
  4 quokkas
  2 ball pythons
  16 bats
  6 bat simulacra (Ossuary)
  3 giant geckos
  6 giant newts
  7 gnoll zombies (Ossuary)
  A goblin simulacrum (Ossuary)
  A goblin skeleton (D:5)
  4 goblin zombies (Ossuary)
  5 hobgoblin zombies (Ossuary)
  3 kobold simulacra (Ossuary)
  6 kobold zombies (Ossuary)
  4 orc zombies
  10 rats
  2 rat simulacra (Ossuary)
  5 spectral goblins (Ossuary)
  3 spectral kobolds (Ossuary)
  2 spectral rats (Ossuary)
  A ballistomycete (D:6)
214 creatures vanquished.

Vanquished Creatures (others)
  A thrashing horror (D:6)
  Eustachio (D:6)
  A small abomination (D:6)
  A black bear (D:5)
  A quasit (D:6)
  A white imp (D:6)
  A shadow imp (D:6)
  A grey rat (D:6)
  A quokka (D:6)
  3 bats (D:6)
  A giant spore (D:6)
  2 starspawn tentacles (D:6)
  24 starspawn tentacle segments (D:6)
39 creatures vanquished.

Grand Total: 253 creatures vanquished

Notes
Turn   | Place    | Note
--------------------------------------------------------------
     0 | Abyss:1  | primenumbers, the Demonspawn Abyssal Knight, began the quest for the Orb.
     0 | Abyss:1  | Reached XP level 1. HP: 18/18 MP: 1/1
    49 | Abyss:1  | Noticed a freezing wraith
    51 | Abyss:1  | Noticed a lich
    64 | Abyss:1  | Noticed a great orb of eyes
    74 | Abyss:1  | Noticed an insubstantial wisp
    84 | Abyss:1  | Noticed a tormentor
    85 | D:1      | Escaped the Abyss
   152 | D:1      | Reached skill level 1 in Dodging
   454 | D:1      | Gained mutation: You are partially covered in sharp spines. [demonic ancestry]
   454 | D:1      | Reached XP level 2. HP: 24/24 MP: 2/2
   523 | D:1      | Acquired Lugonu's first power
   946 | D:2      | Gained mutation: When hurt, damage is shared between your health and your magic reserves. [demonic ancestry]
   946 | D:2      | Reached XP level 3. HP: 15/29 MP: 4/4
  1121 | D:2      | Acquired Lugonu's second power
  1399 | D:3      | Gained mutation: You are surrounded by a mild repulsion field (EV +2). [demonic ancestry]
  1399 | D:3      | Reached XP level 4. HP: 34/37 MP: 6/6
  1614 | D:3      | Found a deep blue altar of Sif Muna.
  1641 | D:3      | Found a burning altar of Makhleb.
  1787 | D:3      | Noticed Jessica
  1800 | D:3      | Killed Jessica
  1800 | D:3      | Gained mutation: You are mostly covered in sharp spines. [demonic ancestry]
  1800 | D:3      | Reached XP level 5. HP: 21/42 MP: 5/8
  1874 | D:3      | Found a blossoming altar of Fedhas.
  1926 | D:3      | Found a white marble altar of Elyvilon.
  1967 | D:3      | Acquired Lugonu's third power
  2035 | D:3      | Noticed Crazy Yiuf
  2047 | D:3      | Killed Crazy Yiuf
  2217 | D:4      | Noticed Grinder
  2623 | D:4      | Gained mutation: You have a pair of small antennae on your head. [demonic ancestry]
  2623 | D:4      | Reached XP level 6. HP: 34/48 MP: 9/9
  2634 | D:4      | Found Lagakkudad's Magic Scroll Shop.
  2775 | D:4      | Found a glowing silver altar of Zin.
  2867 | D:4      | Found a sand-covered staircase.
  2872 | Ossuary  | Entered an ossuary
  2997 | Ossuary  | Acquired Lugonu's fourth power
  3087 | Ossuary  | Reached skill level 4 in Fighting
  3365 | D:4      | Noticed an ogre
  3377 | D:4      | Killed an ogre
  3377 | D:4      | Gained mutation: You have a pair of antennae on your head. [demonic ancestry]
  3377 | D:4      | Reached XP level 7. HP: 48/54 MP: 4/11
  3610 | D:5      | Entered Level 5 of the Dungeon
  3803 | D:5      | Acquired Lugonu's fifth power
  4252 | D:5      | Gained mutation: You regenerate magic rapidly. [demonic ancestry]
  4252 | D:5      | Reached XP level 8. HP: 23/61 MP: 8/12
  4298 | D:5      | Reached skill level 5 in Fighting
  4652 | D:5      | Reached skill level 1 in Stealth
  4912 | D:6      | Reached skill level 5 in Maces & Flails
  5070 | D:6      | Found a bloodstained altar of Trog.
  5085 | D:6      | Reached skill level 5 in Armour
  5714 | D:6      | Found a staircase to the Ecumenical Temple.
  5729 | D:6      | Reached skill level 5 in Dodging
  5840 | D:6      | Reached skill level 1 in Shields
  6466 | D:6      | Found a shattered altar of Ashenzari.
  6498 | D:6      | Paralysed by a giant eyeball for 3 turns
  6506 | D:6      | Gained mutation: You are surrounded by a moderate repulsion field (EV +3). [demonic ancestry]
  6506 | D:6      | Reached XP level 9. HP: 38/68 MP: 12/16
  6681 | D:7      | Noticed Eustachio
  6696 | D:6      | Reached skill level 1 in Evocations
  7137 | D:6      | Corrupted D:6
  7137 | D:6      | Noticed a thrashing horror
  7137 | D:6      | Noticed a smoke demon
  7137 | D:6      | Noticed a hell hog
  7137 | D:6      | Noticed a smoke demon
  7137 | D:6      | Noticed a hell hog
  7137 | D:6      | Noticed a large abomination
  7137 | D:6      | Noticed a large abomination
  7137 | D:6      | Noticed a smoke demon
  7137 | D:6      | Noticed a fire giant zombie
  7137 | D:6      | Noticed an apocalypse crab
  7137 | D:6      | Noticed a thrashing horror
  7137 | D:6      | Noticed a thrashing horror
  7139 | D:6      | Noticed a raiju
  7140 | D:6      | Noticed a large abomination
  7140 | D:6      | Noticed a large abomination
  7141 | D:6      | Killed Eustachio
  7142 | D:6      | Noticed a tentacled starspawn
  7142 | D:6      | Noticed a smoke demon
  7142 | D:6      | Noticed a deep dwarf berserker
  7142 | D:6      | Noticed a thrashing horror
  7144 | D:6      | Killed a thrashing horror
  7150 | D:6      | Noticed a tentacled starspawn
  7194 | D:7      | HP: 3/68 [spatial distortion (1)]
  7204 | D:7      | Noticed a faun
  7204 | D:7      | a hippogriff changed into a faun
  7210 | D:7      | Killed from afar by an orc priest

Action                   |  1- 3 |  4- 6 |  7- 9 || total
-------------------------+-------+-------+-------++-------
Melee: Mace              |   111 |   416 |   413 ||   940
       Unarmed           |       |       |    65 ||    65
Invok: Depart the Abyss  |     1 |       |       ||     1
       Bend Space        |       |     1 |    12 ||    13
       Banish            |       |       |     4 ||     4
       Corrupt           |       |       |     1 ||     1
Evoke: Wand              |       |       |     9 ||     9
  Use: Potion            |     1 |     5 |    10 ||    16
       Scroll            |       |    14 |    14 ||    28
